cohdb
Replays
Latest Replays
All Replays
Popular Replays
Top Player Replays
Match Explorer
How It Works
Community
CoH3 Stats
Reddit
Sign in to upload your games and track your stats! →
Sign in with Steam
Match 32409093
Unlisted
Match 32409093
Overview
Messages
Build Orders
End
Pioneer Squad
Construct Infanterie Kompanie
Selects Breakthrough Battlegroup
Selects Assault Grenadiers
Grenadier Squad
Grenadier Squad
MG 42 Machine Gun Team
Grenadier Squad
Grenadier Squad
Construct Panzergrenadier Kompanie
Selects Breakthrough
Infanterie Officer Quarters
Selects Rapid Production
Pak 40 Anti-tank Gun Team
Support Elements
Nebelwerfer 42 Rocket Launcher Team
StuG III G Assault Gun
StuG III G Assault Gun
Selects Blitzkrieg
Panzergrenadier Officer Quarters
Blitzkrieg
StuG III G Assault Gun
Nebelwerfer 42 Rocket Launcher Team
Blitzkrieg
el campo
Доктор Гувер[POINTRUNNER]
MaXiS
GATE
RyuJou
Dickson
0
0
Comments
sign in to comment!
No comments posted yet!